 Dungeon Crawl Stone Soup version 0.31-a0-1059-g83d41fd8b6 (webtiles) character file.

Game seed: 9652365983639215849

36 Maratek the Digger (level 3, -3/19 HPs)
             Began as a Deep Elf Earth Elementalist on Nov 21, 2023.
             Slain by a gnoll
             ... wielding a +0 whip
              (5 damage)
             ... on level 2 of the Dungeon.
             The game lasted 00:01:52 (1239 turns).

Maratek the Digger (Deep Elf Earth Elementalist)    Turns: 1239, Time: 00:01:54

Health: -3/19      AC:  5    Str:  5    XL:     3   Next: 19%
Magic:  4/10       EV: 13    Int: 21    God:
Gold:   32         SH:  0    Dex: 15    Spells: 8/9 levels left

rFire   + . .        d - staff of fire
rCold   . . .        (no shield)
rNeg    . . .        a - +1 robe
rPois   .            e - +2 hat
rElec   .            (no cloak)
rCorr   .            (no gloves)
SInv    .            (no boots)
Will    .....        f - amulet of the acrobat
Stlth   ++           (no ring)
HPRegen 0.23/turn    (no ring)
MPRegen 0.12/turn

%: acrobat
@: no status effects
A: no striking features
a: no special abilities


You were on level 2 of the Dungeon.
You visited 1 branch of the dungeon, and saw 2 of its levels.

You collected 32 gold pieces.

Inventory:

Armour
 a - a +1 robe (worn)
 e - a +2 hat (worn)
Magical Staves
 d - a staff of fire (weapon)
Jewellery
 f - an amulet of the acrobat (around neck)
Potions
 b - a potion of magic
 c - a potion of curing {unknown}
 i - a potion of haste {unknown}
 j - a potion of mutation {unknown}


   Skills:
 + Level 2.9 Dodging
 + Level 3.0 Stealth
 + Level 3.5 Spellcasting
 + Level 1.8 Transmutations
 + Level 3.6 Earth Magic


You had 8 spell levels left.
You knew the following spells:

 Your Spells              Type           Power      Damage    Failure   Level
a - Sandblast             Erth           36%        2d10      2%          1

Your spell library contained the following spells:

 Spells                   Type           Power      Damage    Failure   Level
 Passwall                 Tmut/Erth      12%        N/A       6%          2
 Stone Arrow              Conj/Erth      22%        3d8       19%         3
 Call Canine Familiar     Summ           3%         N/A       36%         3
 Sigil of Binding         Hex            3%         N/A       36%         3
 Petrify                  Tmut/Erth      15%        N/A       38%         4
 Brom's Barrelling Bould  Conj/Erth      11%        2d3       52%         4
 Leda's Liquefaction      Hex/Erth       5%         N/A       52%         4
 Dimensional Bullseye     Hex/Tloc       1%         N/A       77%         4


Dungeon Overview and Level Annotations

Branches:
Dungeon (2/15)

Altars:


Message History

You kill the endoplasm!
Magic restored.
You see here a +2 hat.
e - a +2 hat You start putting on your armour.
You continue putting on your +2 hat. x4
You finish putting on your +2 hat. 2 gnolls come into view.
A gnoll comes into view. It is wielding a +0 whip.
A gnoll comes into view. It is wielding a +0 halberd.
Found a scroll labelled QIXKEX LIR.
The gnoll shouts! x2; You hear a shout!
The gnoll shouts!
A gnoll comes into view. It is wielding a +0 spear.
The blast of sand hits the gnoll.
The gnoll is heavily wounded.
The gnoll shouts! x2; You hear a shout!
A gnoll comes into view. It is wielding a +0 flail.
A quokka comes into view.
A hobgoblin comes into view.
The blast of sand hits the gnoll.
The gnoll is severely wounded.
The gnoll shouts!
A gnoll comes into view. It is wielding a +0 flail.
The blast of sand hits the gnoll!
You kill the gnoll!
The gnoll shouts!
The gnoll hits you with a +0 whip. The gnoll closely misses you.
Your Stealth skill increases to level 3!
You have reached level 3!
Your experience leads to an increase in your attributes!
Increase (S)trength, (I)ntelligence, or (D)exterity?
You feel clever. x2
The blast of sand hits the gnoll.
The gnoll is moderately wounded.
The gnoll hits you but does no damage. x2
The blast of sand hits the gnoll.
The gnoll is severely wounded.
The gnoll hits you from afar with a +0 halberd!
The gnoll hits you with a +0 flail.
* * * LOW HITPOINT WARNING * * *
The gnoll barely misses you. The gnoll hits you with a +0 whip.
You die...

.# ## # .#
#.###.# ..###
#.#.#' ....?
#.#.. .....#
#.#.###g..#
#....ggg..# #
#....@gg..#
#.#.#.###g.[...
#.#.#.#.###......
#............#...
###.#...###### .#
#>#...# #
#.#...#####
#..........
#..........


You could see 6 gnolls and a hobgoblin.

Vanquished Creatures
  A gnoll (D:2)
  A dart slug (D:1)
  4 endoplasms
  2 goblins (D:1)
  2 hobgoblins (D:1)
  3 jackals (D:1)
  A kobold (D:1)
  2 quokkas (D:1)
  2 bats (D:1)
  3 frilled lizards (D:1)
  A rat (D:1)
22 creatures vanquished.

Notes
Turn   | Place    | Note
-------+----------+-------------------------------------------
     0 | D:1      | Maratek the Deep Elf Earth Elementalist began the quest for
                  | the Orb.
     0 | D:1      | Reached XP level 1. HP: 10/10 MP: 6/6
   134 | D:1      | Reached XP level 2. HP: 15/15 MP: 4/8
  1238 | D:2      | Reached XP level 3. HP: 17/19 MP: 6/10
  1239 | D:2      | Slain by a gnoll

Illustrated notes

Levels and vault maps discovered:
D:1:      dpeg_arrival_round_a, layout_loops_corners, palyth_stone_intersect,
          st_stairs_1, minmay_misc_feat_rows, hangedman_decor_clover_reticule,
          grunt_decor_junction
D:2:      layout_loops_ring, serial_shops, nicolae_shop_rolling_square,
          ebering_ecumenical_altar_petrified, kennysheep_cross_room,
          wad_floor_pattern_untrapped

Skill      XL: |  1  2 |
---------------+-------+-----
Stealth        | 3 |  3.0
Dodging        | |  2.9
Spellcasting   | |  3.5
Transmutations | |  1.8
Earth Magic    | |  3.6

Action                     || total
---------------------------++-------
  Melee: Unarmed           ||     5
   Cast: Sandblast         ||    36
    Use: Scroll            ||     3
 Armour: Robe              ||    13
  Dodge: Dodged            ||    20

Table legend: (Time is in decaauts)
 A = Elapsed time spent in this place.
 B = Non-inter-level travel time spent in this place.
 C = Inter-level travel time spent in this place.
 D = Time resting spent in this place.
 E = Time spent auto-exploring this place.
 F = Levels seen in this place.
 G = Mean time per level.
                   A        B        C        D        E       F      G
               +--------+--------+--------+--------+--------+-----+--------+
         Total |   1255 |   1178 |     77 |     42 |    984 |   2 |  627.5 |
       Dungeon |   1255 |   1178 |     77 |     42 |    984 |   2 |  627.5 |
               +--------+--------+--------+--------+--------+-----+--------+

Top non-repeatable levels by time:
     D:1: 1176 daAuts
     D:2: 79 daAuts
